 Dungeon Crawl Stone Soup version 0.30-a0-630-g881e3bac89 (webtiles) character file.

Game seed: 4329886249632483522

301 Citaku the Covered (level 6, -1/53 HPs)
             Began as a Minotaur Fighter on Jan 13, 2023.
             Slain by an iguana (5 damage)
             ... on level 5 of the Dungeon.
             The game lasted 00:06:29 (3698 turns).

Citaku the Covered (Minotaur Fighter)               Turns: 3698, Time: 00:06:30

Health: -1/53      AC: 11    Str: 23    XL:     6   Next: 14%
Magic:  5/5        EV:  9    Int:  5    God:
Gold:   237        SH:  4    Dex:  9    Spells: 5/5 levels left

rFire   . . .      SeeInvis .    t - +2 long sword (heavy)
rCold   . . .      Faith    .    c - +0 buckler
rNeg    + . .      Spirit   .    b - +0 scale mail
rPois   +          Reflect  .    (helmet restricted)
rElec   .          Harm     .    k - +0 cloak
rCorr   .          Rampage  .    a - +1 pair of gloves of the Sacrificial Victim {rPois}
Will    .....                    (no boots) Stlth
                                 (no amulet)
HPRegen 0.28/turn                q - ring of poison resistance
MPRegen 0.09/turn                o - ring of positive energy

@: mighty, hasted, very quick
A: horns 2, retaliatory headbutt
a: no special abilities


You were on level 5 of the Dungeon.
You visited 1 branch of the dungeon, and saw 5 of its levels.

You collected 237 gold pieces.

Inventory:

Hand Weapons
 t - a +2 heavy long sword (weapon)
Armour
 a - the +1 pair of gloves of the Sacrificial Victim (worn) {rPois}
   (You found it on level 4 of the Dungeon)

   rPois:     It protects you from poison.
 b - a +0 scale mail (worn)
 c - a +0 buckler (worn)
 k - a +0 cloak (worn)
Jewellery
 o - a ring of positive energy (right hand)
 q - a ring of poison resistance (left hand)
Wands
 v - a wand of flame (16)
Scrolls
 e - 2 scrolls of poison {unknown}
 g - a scroll of enchant armour {unknown}
 i - a scroll of magic mapping {unknown}
 l - a scroll of teleportation {unknown}
 m - 3 scrolls of identify {unknown}
 n - a scroll of immolation {unknown}
 p - a scroll of brand weapon {unknown}
 s - a scroll of enchant weapon {unknown}
 u - 4 scrolls of fog {unknown}
Potions
 f - 2 potions of curing {unknown}
 h - 2 potions of brilliance {unknown}
 j - a potion of heal wounds {unknown}


   Skills:
 + Level 4.7 Fighting
 * Level 4.9 Axes
 * Level 5.7 Armour
 + Level 4.6 Shields


You had 5 spell levels left.
You didn't know any spells.
Your spell library contained the following spells:

 Spells                   Type           Power      Damage    Failure   Level
 Blink                    Tloc           0%         N/A       94%         2
 Cigotuvi's Dreadful Rot  Necr/Pois/Air  0%         N/A       94%         2
 Poisonous Vapours        Pois/Air       0%         N/A       94%         2
 Mephitic Cloud           Conj/Pois/Air  0%         N/A       99%         3
 Manifold Assault         Tloc           0%         N/A       100%        4
 Storm Form               Tmut/Air       0%         N/A       100%        7


Dungeon Overview and Level Annotations

Branches:
Dungeon (5/15)
 Temple: D:4-7

Altars:
Ashenzari
Okawaru
Uskayaw
Wu Jian

Annotations:
D:5 Prince Ribbit


Innate Abilities, Weirdness & Mutations

You have a pair of horns on your head.
You reflexively headbutt those who attack you in melee.


Message History

The adder bites you but does no damage. The adder misses you.
You furiously retaliate!
You headbutt the adder!
You kill the adder!
You are too injured to fight recklessly!
You are too injured to fight recklessly!
You are too injured to fight recklessly!
You are too injured to fight recklessly!
You are too injured to fight recklessly!
You are too injured to fight recklessly!
You closely miss Prince Ribbit. Your headbutt misses Prince Ribbit.
Prince Ribbit is heavily wounded.
Prince Ribbit hits you!
* * * LOW HITPOINT WARNING * * *
Prince Ribbit blinks!
An orc comes into view. It is wielding a +0 short sword.
You feel yourself speed up.
The orc shouts!
You hear an angry hiss.
The orc throws a boomerang.
The boomerang hits you but does no damage.
Prince Ribbit blinks!
Prince Ribbit blinks!
The iguana hisses angrily.
The iguana hisses menacingly.
Prince Ribbit closely misses you.
There is a stone staircase leading up here.
You barely miss Prince Ribbit. You headbutt Prince Ribbit!
Prince Ribbit is heavily wounded.
Prince Ribbit hits you.
* * * LOW HITPOINT WARNING * * *
You block Prince Ribbit's attack.
You barely miss Prince Ribbit.
Prince Ribbit is heavily wounded.
You block Prince Ribbit's attack. The orc hits you with a +0 short sword.
* * * LOW HITPOINT WARNING * * *
The iguana bites you!
* * * LOW HITPOINT WARNING * * *
Prince Ribbit lets out a mournful croak.
Prince Ribbit barely misses you. You furiously retaliate!
You headbutt Prince Ribbit! The iguana bites you.
You die...

..........#
..>.#....# .
#....#..# ..
##....#..
...#......#
>...#.....###
...!!.......#
........##..#
......F@###.#
......lo....#
............#
............#
...........#..
#.........##...
........... ##.
...#........
......


You could see Prince Ribbit, an iguana and an orc.

Vanquished Creatures
  A scorpion (D:4)
  An orc priest (D:4)
  Crazy Yiuf (D:2)
  Terence (D:2)
  5 adders
  2 worms (D:3)
  5 dart slugs
  4 orcs (D:4)
  10 bats
  8 endoplasms
  4 giant cockroaches
  9 hobgoblins
  11 jackals
  3 quokkas
  9 ball pythons
  A frilled lizard (D:2)
  8 goblins
  6 kobolds
  8 rats
97 creatures vanquished.

Notes
Turn   | Place    | Note
-------+----------+-------------------------------------------
     0 | D:1      | Citaku the Minotaur Fighter began the quest for the Orb.
     0 | D:1      | Reached XP level 1. HP: 19/19 MP: 0/0
   127 | D:1      | Reached XP level 2. HP: 26/27 MP: 1/1
   155 | D:1      | Reached skill level 4 in Armour
   369 | D:1      | Reached XP level 3. HP: 33/33 MP: 2/2
  1122 | D:2      | Noticed Terence
  1128 | D:2      | Killed Terence
  1129 | D:2      | Reached XP level 4. HP: 38/40 MP: 3/3
  1141 | D:2      | Found a hide-covered altar of Uskayaw.
  1643 | D:2      | Found a runed translucent door.
  1644 | D:2      | Noticed Crazy Yiuf
  1650 | D:2      | Killed Crazy Yiuf
  1796 | D:3      | Reached skill level 5 in Armour
  1911 | D:3      | Reached XP level 5. HP: 44/47 MP: 4/4
  2257 | D:3      | Found a broken altar of Ashenzari.
  2261 | D:3      | Saw a vision of the Swamp and the Spider Nest.
  2261 | D:3      | Noticed a culicivora
  2261 | D:3      | Noticed a steelbarb worm
  2261 | D:3      | Noticed a tarantella
  2261 | D:3      | Noticed an eleionoma
  2261 | D:3      | Noticed a tarantella
  2261 | D:3      | Noticed a redback
  2261 | D:3      | Noticed a steelbarb worm
  2261 | D:3      | Noticed a meliai
  2261 | D:3      | Noticed a moth of wrath
  2261 | D:3      | Noticed a radroach
  2262 | D:3      | Noticed an emperor scorpion
  2263 | D:3      | Noticed a jorogumo
  2264 | D:3      | Noticed a bog body
  2264 | D:3      | Noticed a bunyip
  2264 | D:3      | Noticed a redback
  2265 | D:3      | Noticed a culicivora
  2267 | D:3      | Noticed a steelbarb worm
  2860 | D:4      | Found an ornate altar of the Wu Jian Council.
  2981 | D:4      | Reached XP level 6. HP: 48/53 MP: 5/5
  3009 | D:4      | Found a hide-covered altar of Uskayaw.
  3034 | D:4      | Identified the +1 pair of gloves of the Sacrificial Victim
                  | {rPois}
  3244 | D:4      | Found an iron altar of Okawaru.
  3673 | D:5      | Entered Level 5 of the Dungeon
  3673 | D:5      | Noticed Prince Ribbit
  3698 | D:5      | Slain by an iguana

Illustrated notes

Levels and vault maps discovered:
D:1:      minmay_arrival_stone_box, layout_basic, hex_tiny
D:2:      layout_loops_ring, basic_altar, uniq_crazy_yiuf_cottage, uniq_terence
D:3:      minmay_recursive_quarters, layout_basic, grunt_ashenzari_visionary
          [grunt_ashenzari_visionary_swamp, grunt_ashenzari_visionary_spider],
          hex_medium, patterned_corridor
D:4:      layout_basic, nicolae_uskayaw_murder_on_the_dancefloor,
          mainiacjoe_overflow_concentric_impassable,
          mainiacjoe_overflow_boulevard, kennysheep_small_circle
D:5:      layout_cave_pools, good_gods_temple_1, portal_sewer_entry_d,
          minmay_misc_feat_alley, nicolae_shop_overcharged_wands, uniq_edmund,
          uniq_prince_ribbit1

Skill      XL: |  1  2  3  4 |
---------------+-------------+-----
Armour         | 4 5 |  5.7
Axes           | 3 4 |  4.9
Fighting       | 4 |  4.7
Shields        | 4 |  4.6

Action                   |  1- 3 |  4- 6 || total
-------------------------+-------+-------++-------
Melee: War axe           |    75 |    91 ||   166
       Headbutt          |     7 |    19 ||    26
       Long sword        |       |    11 ||    11
  Use: Potion            |       |     3 ||     3
Armor: Scale mail        |    39 |    58 ||    97
Dodge: Dodged            |    54 |    65 ||   119
Block: Buckler           |    19 |    27 ||    46

Table legend: (Time is in decaauts)
 A = Elapsed time spent in this place.
 B = Non-inter-level travel time spent in this place.
 C = Inter-level travel time spent in this place.
 D = Time resting spent in this place.
 E = Time spent auto-exploring this place.
 F = Levels seen in this place.
 G = Mean time per level.
                   A        B        C        D        E       F      G
               +--------+--------+--------+--------+--------+-----+--------+
         Total |   3763 |   3590 |    173 |      0 |   2731 |   5 |  752.6 |
       Dungeon |   3763 |   3590 |    173 |      0 |   2731 |   5 |  752.6 |
               +--------+--------+--------+--------+--------+-----+--------+

Top non-repeatable levels by time:
     D:3: 1076 daAuts
     D:2: 996 daAuts
     D:4: 849 daAuts
     D:1: 813 daAuts
     D:5: 28 daAuts
